AoeStats
← SeemsFishy

Arena

508015059Analyzed
4v4 RM · 11d ago on Sep 20, 2026· 49m 49s· 8 players
Game mode
Random Map
Map size
Large (8 player)
Population
200
Speed
Normal
Resources
Standard
Victory
Conquest
Starting age
Dark Age
Ending age
Imperial Age
RankedLock teamsTeams togetherTeam positionsShared explorationLock speedFull tech treeHidden civsTurbo modeCheats
Victory
Defeat
🇩🇪 Celts · Germany
1393
+13
🇬🇧 Khmer · United Kingdom
1365
+14
1342
+15
🇨🇿 Bulgarians · Czechia
1312
+18
🇺🇸 Spanish · United States
1374
-16
🇨🇳 Jurchens · China
1326
-15
🇫🇷 Malay · France
1273
-13
Thronx
10:12 Feudal Age
14:00 Castle Age
12:47 Double-Bit Axe
13:25 Horse Collar
15:05 Bow Saw
17:44 Gold Mining
19:12 Heavy Plow
19:40 Loom
21:23 Wheelbarrow
23:54 Stone Mining
30:06 Imperial Age
27:54 Hand Cart
28:25 Fletching
29:12 Bodkin Arrow
31:06 Ballistics
30:15 Heavy Scorpion
31:35 Siege Engineers
31:18 Pikeman
33:21 Stronghold
34:31 Scale Mail Armor
34:42 Forging
36:49 Chain Mail Armor
37:10 Iron Casting
37:38 Chemistry
37:00 Elite Woad Raider
37:42 Halberdier
39:00 Plate Mail Armor
39:28 Arson
39:08 Capped Ram
40:24 Siege Ram
41:57 Stone Shaft Mining
42:27 Blast Furnace
43:04 Town Watch
43:45 Masonry
maniak
10:43 Feudal Age
10:24 Loom
14:17 Castle Age
12:56 Double-Bit Axe
20:59 Horse Collar
22:14 Fletching
28:46 Bow Saw
29:46 Wheelbarrow
30:20 Town Watch
33:25 Imperial Age
31:30 Scale Mail Armor
31:40 Forging
31:46 Gold Mining
31:46 Stone Mining
32:17 Chain Mail Armor
33:12 Ballistics
32:15 Pikeman
32:56 Squires
32:41 Arson
33:50 Iron Casting
34:49 Plate Mail Armor
35:19 Blast Furnace
37:03 Halberdier
37:28 Gambesons
38:23 Capped Ram
39:40 Bodkin Arrow
39:53 Siege Engineers
40:49 Chemistry
40:28 Gold Shaft Mining
39:27 Siege Ram
40:38 Conscription
40:49 Bracer
40:45 Onager
41:47 Heated Shot
42:07 Masonry
42:35 Heavy Plow
41:59 Siege Onager
43:58 Bloodlines
43:09 Light Cavalry
43:50 Husbandry
43:47 Stirrups
44:53 Scale Barding Armor
45:18 Hussar
48:14 Chain Barding Armor
SeemsFishy
10:35 Feudal Age
13:41 Castle Age
12:12 Double-Bit Axe
12:52 Horse Collar
14:49 Bow Saw
19:59 Heavy Plow
19:50 Loom
20:42 Gold Mining
22:52 Scale Barding Armor
23:21 Stone Mining
24:01 Forging
25:18 Wheelbarrow
24:35 Town Watch
25:32 Chain Barding Armor
26:09 Gold Shaft Mining
26:31 Bloodlines
29:41 Imperial Age
27:28 Husbandry
28:49 Iron Casting
29:05 Stone Shaft Mining
29:37 Fletching
30:20 Hand Cart
31:32 Plate Barding Armor
31:22 Elite Battle Elephant
35:31 Blast Furnace
38:01 Bodkin Arrow
39:26 Caravan
39:59 Coinage
42:29 Conscription
42:44 Hoardings
46:26 Tusk Swords
46:31 Double Crossbow
47:38 Bracer
SCURR.Welt-PAD-THAI-SITTICH
12:50 Feudal Age
16:38 Castle Age
15:23 Double-Bit Axe
20:47 Imperial Age
30:50 Padded Archer Armor
35:24 Leather Archer Armor
41:16 Loom
41:13 Horse Collar
41:46 Bow Saw
43:09 Heavy Plow
47:17 Ring Archer Armor
46:38 Fletching
BRING_BACK_QUAALUDES
10:25 Feudal Age
14:51 Castle Age
13:45 Double-Bit Axe
16:19 Bow Saw
22:07 Horse Collar
23:32 Wheelbarrow
24:43 Hand Cart
24:22 Loom
24:24 Town Watch
24:45 Heavy Plow
28:57 Imperial Age
26:46 Husbandry
27:25 Padded Archer Armor
27:29 Gold Mining
27:30 Stone Mining
29:17 Squires
28:56 Pikeman
29:57 Leather Archer Armor
30:00 Bloodlines
30:53 Conscription
33:09 Scale Mail Armor
33:19 Forging
33:21 Elite Conquistador
35:16 Ring Archer Armor
35:38 Chain Mail Armor
36:57 Ballistics
37:38 Chemistry
37:56 Masonry
40:48 Halberdier
42:37 Iron Casting
42:32 Plate Mail Armor
45:11 Blast Furnace
mathlemas
9:13 Feudal Age
9:00 Double-Bit Axe
9:54 Horse Collar
17:14 Castle Age
15:33 Gold Mining
16:07 Scale Barding Armor
20:27 Husbandry
23:45 Loom
25:29 Wheelbarrow
25:27 Stone Mining
29:06 Fletching
30:18 Bow Saw
41:12 Squires
41:57 Pikeman
打咩哟~
10:41 Feudal Age
14:31 Castle Age
12:20 Horse Collar
13:07 Double-Bit Axe
13:51 Fletching
14:02 Padded Archer Armor
14:24 Loom
19:53 Gold Mining
22:11 Loom
23:09 Wheelbarrow
24:56 Heavy Plow
25:20 Bow Saw
26:59 Squires
26:45 Arson
29:30 Hand Cart
31:02 Town Watch
31:27 Arson
34:58 Imperial Age
32:53 Husbandry
33:03 Bloodlines
33:02 Scale Barding Armor
33:08 Forging
35:05 Elite Steppe Lancer
35:43 Stone Mining
36:28 Gold Shaft Mining
36:23 Light Cavalry
37:25 Hussar
38:57 Crop Rotation
39:32 Chemistry
38:52 Ballistics
38:38 Siege Engineers
38:44 Masonry
38:14 Treadmill Crane
38:30 Murder Holes
38:48 Fortified Wall
39:43 Thunderclap Bombs
39:53 Conscription
40:09 Hoardings
40:06 Leather Archer Armor
39:46 Bodkin Arrow
41:05 Two-Man Saw
44:29 Fortified Bastions
45:45 Ring Archer Armor
45:16 Bracer
45:37 Chain Barding Armor
45:53 Iron Casting
休眠玩家 精锐条顿骑士 一步杀十人
10:52 Feudal Age
11:31 Loom
14:48 Castle Age
12:57 Horse Collar
13:32 Double-Bit Axe
15:55 Bow Saw
17:05 Heavy Plow
18:40 Wheelbarrow
21:56 Hand Cart
24:35 Gold Mining
28:06 Imperial Age
25:49 Town Watch
26:33 Stone Mining
27:18 Gold Shaft Mining
27:13 Stone Mining
28:14 Capped Ram
31:27 Coinage
31:56 Siege Ram
34:02 Banking
39:38 Conscription
41:07 Druzhina
40:45 Pikeman
41:26 Squires
40:47 Man-at-Arms
41:29 Long Swordsman
42:11 Two-Handed Swordsman
43:38 Champion
46:24 Scale Mail Armor
Connection lost

Rejoining the realm…

Still unreachable

The connection could not be restored.

Session expired

The server has moved on; the page needs a fresh start.